[Event "Titled Tuesday Blitz April 4 Early 2023"]
[White "Harriott, Tyrell"]
[Black "Taboas Rodriguez, Daniel"]
[WhiteFideId "2086484"]
[BlackFideId "2208466"]
[WhiteElo "2107"]
[BlackElo "2365"]
[Result "0-1"]
[Round "03"]
[TimeControl "180+2"]
[Date "2023.04.04"]
[WhiteClock "0:00:03"]
[BlackClock "0:00:18"]

1. d4 Nf6 2. e3 d5 3. Bd3 c5 4. c3 Bg4 5. Ne2 Nc6 6. f4 e6 7. O-O Bd6 8. Nd2 Qc7 9. Nf3 O-O 10. Ne5 Bf5 11. Ng3 Bxd3 12. Qxd3 Nd7 13. b3 f6 14. Ng4 f5 15. Nf2 cxd4 16. exd4 Bxf4 17. Bxf4 Qxf4 18. Rae1 Rae8 19. Nh3 Qd6 20. Qf3 Nf6 21. Nh5 Ne4 22. Re2 g6 23. N5f4 e5 24. dxe5 Nxe5 25. Qe3 Ng4 26. Qd4 Rd8 27. Qxa7 Nxc3 28. Re6 Qb8 29. Qb6 Ne4 30. Rxg6+ hxg6 31. Qxg6+ Kh8 32. Qh5+ Kg7 33. Ne6+ Kf6 34. Qxf5+ Ke7 35. Qh7+ Kd6 36. Nxf8 Rxf8 37. Rd1 Qa7+ 38. Kh1 Ngf2+ 0-1


[Site "https://www.chess.com"]

[Event "Titled Tuesday Blitz April 4 Early 2023"]
[White "Kim, Sergey"]
[Black "Novik, Maxim"]
[WhiteFideId "13700570"]
[BlackFideId "4102924"]
[WhiteElo "2616"]
[BlackElo "2287"]
[Result "0-1"]
[Round "03"]
[TimeControl "180+2"]
[Date "2023.04.04"]
[WhiteClock "0:00:18"]
[BlackClock "0:00:19"]

1. d4 Nf6 2. c4 e6 3. Nc3 Bb4 4. Qc2 c5 5. dxc5 Bxc5 6. Nf3 a6 7. e3 b6 8. Bd3 Bb7 9. O-O Be7 10. Ne4 d6 11. b3 Nbd7 12. Bb2 Qc7 13. Rac1 Nxe4 14. Bxe4 Bxe4 15. Qxe4 O-O 16. Rfd1 Nf6 17. Qf4 Rac8 18. h3 Rfd8 19. Ba3 Qc6 20. Qd4 b5 21. cxb5 Qxb5 22. Qa7 Rxc1 23. Rxc1 Re8 24. Qc7 Nd5 25. Qc2 Qa5 26. Qb2 Bf6 27. Nd4 Bxd4 28. exd4 Qb6 29. Qc2 h6 30. Qc6 Qxc6 31. Rxc6 a5 32. Bxd6 Rd8 33. Bc5 Nc3 34. Ra6 Nxa2 35. Rxa5 Nc1 36. Kf1 Nxb3 37. Rb5 Nxd4 38. Bxd4 Rxd4 39. Rb7 g5 40. g4 Kg7 41. Ke2 Ra4 42. Kf3 Kg6 43. Kg2 Ra3 44. Rb5 Ra4 45. Rb6 Rf4 46. Kg3 h5 47. f3 h4+ 48. Kg2 Ra4 49. Rb7 Ra2+ 50. Kg1 Kf6 51. Rc7 Rd2 52. Rb7 Kg6 53. Rc7 Rd6 54. Kf2 Ra6 55. Rb7 f5 56. Re7 Kf6 57. Rb7 Ra2+ 58. Kg1 Ke5 59. Rb4 Rd2 60. Ra4 Rd4 61. Ra6 Kf4 62. Rxe6 Kg3 63. Re1 f4 64. Rf1 Rd2 65. Kh1 Kxh3 66. Kg1 Kg3 67. Kh1 Rf2 68. Ra1 Kxf3 69. Ra5 Kxg4 0-1


[Site "https://www.chess.com"]

[Event "Titled Tuesday Blitz April 4 Early 2023"]
[White "Kashtanov, Ruslan"]
[Black "Poliakova, Varvara"]
[WhiteFideId "4124871"]
[BlackFideId "13518313"]
[WhiteElo "2276"]
[BlackElo "2075"]
[Result "0-1"]
[Round "03"]
[TimeControl "180+2"]
[Date "2023.04.04"]
[WhiteClock "0:00:02"]
[BlackClock "0:00:53"]

1. e4 e5 2. Nf3 Nc6 3. Bc4 Bc5 4. c3 Nf6 5. d4 exd4 6. e5 d5 7. Bb5 Ne4 8. cxd4 Bb6 9. Nc3 f5 10. Be3 O-O 11. Qb3 Be6 12. Nxe4 fxe4 13. Ng5 Qe7 14. Nxe6 Qxe6 15. O-O-O Na5 16. Qc2 a6 17. Be2 Rac8 18. Kb1 Rfd8 19. h3 Qe7 20. h4 Qe6 21. Rh3 Nc4 22. Bxc4 dxc4 23. Qxe4 Rd5 24. h5 Rcd8 25. f4 Qg4 26. Qf3 Qxf3 27. Rxf3 Bxd4 28. Bxd4 Rxd4 29. Rxd4 Rxd4 30. Kc2 Re4 31. g4 b5 32. Kc3 c5 33. a3 a5 34. g5 g6 35. hxg6 hxg6 36. Rf2 b4+ 37. axb4 cxb4+ 38. Kd2 Kf7 39. f5 Rxe5 40. fxg6+ Kxg6 41. Rf4 Rc5 42. Rg4 c3+ 43. bxc3 Rxc3 44. Re4 Rc5 0-1


[Site "https://www.chess.com"]

[Event "Titled Tuesday Blitz April 4 Early 2023"]
[White "Meduri, Aakaash"]
[Black "Atanasov, Anthony"]
[WhiteFideId "2032252"]
[BlackFideId "2623897"]
[WhiteElo "2113"]
[BlackElo "2326"]
[Result "0-1"]
[Round "03"]
[TimeControl "180+2"]
[Date "2023.04.04"]
[WhiteClock "0:00:03"]
[BlackClock "0:00:04"]

1. e4 e5 2. Nf3 Nf6 3. Nxe5 d6 4. Nf3 Nxe4 5. d4 d5 6. Bd3 Nc6 7. O-O Be7 8. c4 O-O 9. cxd5 Qxd5 10. Nc3 Nxc3 11. bxc3 Bg4 12. Be2 Rad8 13. Bf4 Bd6 14. Bxd6 Qxd6 15. h3 Bh5 16. Re1 b6 17. Qa4 Na5 18. Qb5 Bxf3 19. Bxf3 c5 20. Rad1 cxd4 21. Rxd4 Qc7 22. Rxd8 Qxd8 23. Bd5 Qc7 24. c4 g6 25. Re8 Qf4 26. Qd7 Qc1+ 27. Kh2 Qf4+ 28. Kg1 Rxe8 29. Qxe8+ Kg7 30. Qc8 Qc1+ 31. Kh2 Qf4+ 32. Kg1 Qf6 33. Qc7 a6 34. f4 h5 35. Qa7 Nxc4 36. Bxc4 Qd4+ 37. Kh1 Qxc4 38. Qxb6 Qxa2 39. Qd4+ Kh7 40. Qa7 a5 41. Kh2 a4 42. f5 gxf5 43. Qd7 Kg6 44. Qc6+ Kg7 45. Qc3+ Kh7 46. Qf6 Qe6 47. Qd4 a3 48. Qh4 Qe5+ 49. Kh1 Qa1+ 50. Kh2 Qe5+ 51. Kh1 f4 52. Qf2 Qa1+ 53. Kh2 Qe5 54. Qc2+ Kg7 55. Kh1 Qe1+ 56. Kh2 Qg3+ 57. Kh1 Qe1+ 58. Kh2 Qe5 59. Qb3 f3+ 60. Kg1 Qe1+ 61. Kh2 Qe5+ 62. Kg1 Qe1+ 63. Kh2 f2 64. Qg3+ Kf6 65. Qf4+ Ke6 66. Qc4+ Ke5 67. Qc5+ Ke4 68. Qc4+ Ke3 69. Qc5+ Kd2 70. Qd4+ Kc2 71. Qc4+ Kb2 72. Qd4+ Kb3 73. Qb6+ Qb4 74. Qxf2 a2 75. Qe3+ Qc3 76. Qb6+ Kc2 77. Qf2+ Qd2 78. Qc5+ Qc3 79. Qf5+ Qd3 80. Qc5+ Kd1 81. Qg1+ Kd2 82. Qf2+ Qe2 83. Qd4+ Kc2 84. Qc5+ Kb3 85. Qb6+ Ka4 86. Qd4+ Kb5 87. Qd5+ Kb6 88. Qd6+ Ka5 89. Qc5+ Ka4 90. Qd4+ Kb3 91. Qb6+ Kc3 92. Qc5+ Qc4 93. Qe3+ Kb4 94. Qb6+ Kc3 95. Qe3+ Kc2 96. Qf2+ Kd3 97. Qf1+ Kd4 98. Qf4+ Kd5 99. Qxf7+ Kd4 100. Qf4+ Kd5 101. Qf5+ Kd6 102. Qf6+ Qe6 103. Qd8+ Ke5 104. Qg5+ Kd4 105. Qd8+ Qd5 106. Qh4+ Kc5 107. Qf2+ Kc6 108. Qc2+ Kd6 109. Qg6+ Qe6 110. Qd3+ Ke7 111. Qh7+ Kf6 112. Qh6+ Ke5 113. Qe3+ Kd6 114. Qd4+ Qd5 115. Qf6+ Kd7 116. Qg7+ Ke6 117. Qg8+ Kd6 118. Qd8+ Ke5 119. Qg5+ Ke4 120. Qg6+ Ke3 121. Qh6+ Kf2 122. Qc1 Qxg2# 0-1


[Site "https://www.chess.com"]

[Event "Titled Tuesday Blitz April 4 Early 2023"]
[White "Bowden, Karl"]
[Black "Munoz, Francisco Javier"]
[WhiteFideId "400548"]
[BlackFideId "128368"]
[WhiteElo "2428"]
[BlackElo "2383"]
[Result "1/2-1/2"]
[Round "03"]
[TimeControl "180+2"]
[Date "2023.04.04"]
[WhiteClock "0:00:17"]
[BlackClock "0:00:27"]

1. e4 e5 2. Nf3 Nc6 3. Bb5 a6 4. Ba4 Nge7 5. O-O g6 6. c3 Bg7 7. d4 exd4 8. cxd4 O-O 9. d5 b5 10. Bb3 Na5 11. Bc2 Nc4 12. Nc3 d6 13. Nd4 h6 14. b3 b4 15. bxc4 bxc3 16. Qd3 c5 17. dxc6 Qc7 18. Be3 Nxc6 19. Qxc3 Ne5 20. Bb3 Ng4 21. Rad1 d5 22. g3 dxe4 23. c5 Ne5 24. Bf4 g5 25. Bxe5 Qxe5 26. Qc4 a5 27. f4 exf3 28. Rxf3 Ba6 29. Qd5 Qxd5 30. Bxd5 Rad8 31. Nc6 Rd7 32. Re1 Kh8 33. Bb3 Bb7 34. Ba4 Rc7 35. Re7 Rxe7 36. Nxe7 Bxf3 37. c6 g4 38. c7 Bd4+ 39. Kf1 Bb7 40. Bc6 Be5 41. Bxb7 Bxc7 42. Bd5 f5 43. Ng6+ Kg7 44. Nxf8 Kxf8 45. Ke2 f4 46. gxf4 Bxf4 47. Be6 h5 48. h3 g3 49. Kf3 Bd6 50. Kg2 Kg7 51. a4 Kf6 52. Bd7 h4 53. Bb5 Ke5 54. Bc6 Kd4 55. Bd7 Kc3 56. Be8 Kb4 57. Bd7 Be5 58. Be8 Kc3 59. Bd7 Kd2 60. Be8 Ke3 61. Bd7 Kd4 62. Be8 Ke4 63. Bd7 Kf4 64. Be8 Kf5 65. Bd7+ Kf6 66. Be8 Ke7 67. Bb5 Kd6 68. Be8 Kc5 69. Bb5 Kd6 70. Be8 Kc7 71. Bb5 Kc8 72. Bc6 Kc7 73. Bb5 Kc8 74. Bc6 Kc7 75. Bb5 1/2-1/2


[Site "https://www.chess.com"]

[Event "Titled Tuesday Blitz April 4 Early 2023"]
[White "Belozerov, Andrei"]
[Black "Goncalves, Davi Sulzbacher"]
[WhiteFideId "4120213"]
[BlackFideId "2154510"]
[WhiteElo "2373"]
[BlackElo "2182"]
[Result "1-0"]
[Round "03"]
[TimeControl "180+2"]
[Date "2023.04.04"]
[WhiteClock "0:01:05"]
[BlackClock "0:00:41"]

1. e4 e5 2. Nf3 Nf6 3. Nxe5 d6 4. Nf3 Nxe4 5. Qe2 Qe7 6. d3 Nf6 7. Bg5 Qxe2+ 8. Bxe2 Be7 9. Nc3 c6 10. O-O-O h6 11. Bd2 Na6 12. Rde1 Nc7 13. Bd1 Ne6 14. h3 Bd7 15. Nh4 O-O-O 16. Nf5 Bf8 17. g4 g6 18. Ng3 Bg7 19. f4 Nc7 20. g5 Nfd5 21. Nce4 Be6 22. h4 hxg5 23. hxg5 Kd7 24. c4 Ne7 25. Bc3 Bxc3 26. bxc3 d5 27. Nf6+ Kd6 28. Re5 Rxh1 29. Nge4+ dxe4 30. c5# 1-0


[Site "https://www.chess.com"]

[Event "Titled Tuesday Blitz April 4 Early 2023"]
[White "Al-Tarboush, Ward"]
[Black "Kielinkei"]
[WhiteFideId "7601450"]
[WhiteElo "2265"]
[BlackElo "2426"]
[Result "1-0"]
[Round "03"]
[TimeControl "180+2"]
[Date "2023.04.04"]
[WhiteClock "0:01:25"]
[BlackClock "0:00:19"]

1. e4 c5 2. Nf3 e6 3. d4 cxd4 4. Nxd4 Nc6 5. Nc3 Qc7 6. Be3 a6 7. Qd2 Nf6 8. O-O-O Be7 9. f3 b5 10. g4 Nxd4 11. Bxd4 Bb7 12. g5 Nh5 13. Ne2 O-O 14. Bh3 d5 15. Bg4 e5 16. Bc3 Nf4 17. Nxf4 exf4 18. exd5 Bxg5 19. d6 Qd8 20. h4 Bf6 21. h5 Bxc3 22. Qxc3 f5 23. h6 Qf6 24. Bxf5 Qxc3 25. Be6+ Kh8 26. bxc3 Bxf3 27. hxg7+ Kxg7 28. Rdg1+ Kf6 29. Rh6+ Ke5 30. d7 Rf6 31. Rg8 Rxh6 32. Rxa8 Bxa8 33. d8=Q Rxe6 34. Qxa8 Rf6 35. Qf3 Rg6 36. Qh5+ Kf6 37. Qh4+ Ke5 38. Qxh7 Rg1+ 39. Kb2 f3 40. Qh2+ Ke4 41. Qxg1 1-0


[Site "https://www.chess.com"]

[Event "Titled Tuesday Blitz April 4 Early 2023"]
[White "Chandreyee, Hajra"]
[Black "Ozates, Tuna"]
[WhiteFideId "5056535"]
[BlackFideId "6354521"]
[WhiteElo "1725"]
[BlackElo "2151"]
[Result "0-1"]
[Round "03"]
[TimeControl "180+2"]
[Date "2023.04.04"]
[WhiteClock "0:01:45"]
[BlackClock "0:01:53"]

1. e4 e5 2. Nf3 Nc6 3. Bc4 Nf6 4. Ng5 d5 5. exd5 Na5 6. Bb5+ c6 7. dxc6 bxc6 8. Bd3 h6 9. Ne4 Nd5 10. O-O Be7 11. Re1 O-O 12. Ng3 Bd6 13. Bf5 Bb7 14. d4 exd4 15. Qxd4 c5 16. Qg4 Nf6 17. Qh4 Re8 18. Be3 Be5 19. Nc3 Bxc3 20. bxc3 Qd5 21. Rad1 Qxg2# 0-1


[Site "https://www.chess.com"]

[Event "Titled Tuesday Blitz April 4 Early 2023"]
[White "Nikologorskiy, Konstantin"]
[Black "Omariev, Maksim"]
[WhiteFideId "24111708"]
[BlackFideId "4193423"]
[WhiteElo "2293"]
[BlackElo "2424"]
[Result "1-0"]
[Round "03"]
[TimeControl "180+2"]
[Date "2023.04.04"]
[WhiteClock "0:00:32"]
[BlackClock "0:00:03"]

1. d4 h5 2. c4 h4 3. h3 c6 4. Nc3 d5 5. Nf3 e6 6. Bg5 Be7 7. Bxe7 Nxe7 8. e3 Nd7 9. Bd3 Nf6 10. O-O b6 11. Rc1 Bb7 12. cxd5 Nexd5 13. e4 Nf4 14. e5 N6d5 15. Ne4 Qe7 16. Nd6+ Kf8 17. Be4 g5 18. Nh2 Rd8 19. Nxb7 Qxb7 20. Qg4 Rg8 21. Rfd1 a5 22. Nf1 Rc8 23. Ne3 Ne7 24. Qf3 Qd7 25. Ng4 1-0


[Site "https://www.chess.com"]

[Event "Titled Tuesday Blitz April 4 Early 2023"]
[White "Kozin, Yuri"]
[Black "Devaev, Alexander"]
[WhiteFideId "4129920"]
[BlackFideId "4169395"]
[WhiteElo "2600"]
[BlackElo "2204"]
[Result "0-1"]
[Round "03"]
[TimeControl "180+2"]
[Date "2023.04.04"]
[WhiteClock "0:00:05"]
[BlackClock "0:00:39"]

1. e4 c6 2. d4 d5 3. exd5 cxd5 4. c4 Nf6 5. Nc3 e6 6. Nf3 Bb4 7. cxd5 Nxd5 8. Bd2 Nc6 9. Bd3 O-O 10. O-O Be7 11. a3 Bf6 12. Qc2 h6 13. Ne4 Nxd4 14. Nxf6+ Qxf6 15. Nxd4 Qxd4 16. Rad1 Qf6 17. Qc4 Bd7 18. Qe4 Qf5 19. Qd4 Qf6 20. Qe4 Qf5 21. Qd4 Qh5 22. Qe4 f5 23. Qe5 Rae8 24. Bc4 Bc6 25. b4 a6 26. Ra1 Qh4 27. Rfc1 Qf6 28. Qxf6 Nxf6 29. a4 Bd5 30. Be2 Rc8 31. b5 axb5 32. axb5 Ne4 33. Be1 Kf7 34. f3 Nd6 35. Bb4 Rxc1+ 36. Rxc1 Rc8 37. Rd1 Nc4 38. Be1 Ne3 39. Rb1 Bc4 40. Kf2 Bxe2 41. Kxe3 Bc4 42. Rc1 e5 43. Bb4 Ke6 44. h4 g5 45. hxg5 hxg5 46. g3 f4+ 47. Kf2 Kd5 48. Rd1+ Ke6 49. Rd6+ Kf7 50. Rb6 Bd5 51. gxf4 gxf4 52. Bd6 Rc2+ 53. Ke1 Ke6 54. Bb8+ Kf5 55. Rd6 Bxf3 56. Rd8 Ke4 57. Re8 Rc5 58. b6 Rb5 59. Bc7 Rb1+ 60. Kd2 Rb5 61. Kc3 Bg4 62. Kc4 Rb1 63. Rb8 Be2+ 64. Kc5 Ba6 65. Re8 Rb5+ 66. Kd6 f3 67. Rf8 Ke3 68. Ke6 e4 69. Bf4+ Ke2 70. Bc7 e3 71. Kd6 f2 0-1


[Site "https://www.chess.com"]

[Event "Titled Tuesday Blitz April 4 Early 2023"]
[White "Ambartsumova, Karina"]
[Black "Hajiyev, Kanan"]
[WhiteFideId "4166299"]
[BlackFideId "13404148"]
[WhiteElo "2240"]
[BlackElo "2103"]
[Result "1-0"]
[Round "03"]
[TimeControl "180+2"]
[Date "2023.04.04"]
[WhiteClock "0:00:24"]
[BlackClock "0:00:12"]

1. e4 c6 2. Ne2 d5 3. e5 c5 4. d4 Nc6 5. dxc5 Bg4 6. c3 e6 7. b4 Bxe2 8. Bxe2 Nxe5 9. O-O Nf6 10. Bf4 Nc6 11. Nd2 Be7 12. Nb3 O-O 13. Bb5 Ne4 14. Qf3 Bf6 15. Rac1 e5 16. Be3 a6 17. Ba4 Qe7 18. Rfd1 Rad8 19. a3 g6 20. c4 dxc4 21. Qxe4 cxb3 22. Bxb3 Nd4 23. Bc4 Bg7 24. Bxd4 Bh6 25. Be3 Bg7 26. Bd5 Rd7 27. c6 bxc6 28. Bxc6 Rc7 29. Bc5 1-0


[Site "https://www.chess.com"]

[Event "Titled Tuesday Blitz April 4 Early 2023"]
[White "Gontcharov, Vladislav"]
[Black "Mayaud, Raphael"]
[WhiteFideId "4123492"]
[BlackFideId "627151"]
[WhiteElo "2420"]
[BlackElo "2191"]
[Result "1-0"]
[Round "03"]
[TimeControl "180+2"]
[Date "2023.04.04"]
[WhiteClock "0:01:31"]
[BlackClock "0:00:11"]

1. d4 Nf6 2. c4 c5 3. d5 b5 4. f3 e6 5. e4 bxc4 6. Nc3 exd5 7. Nxd5 Nxd5 8. Qxd5 Nc6 9. Bxc4 Qf6 10. Ne2 Be7 11. O-O O-O 12. Be3 Bb7 13. Qxd7 Rab8 14. Qd2 Rfd8 15. Qc3 Nd4 16. Bxd4 cxd4 17. Qd3 Bc6 18. b3 Bc5 19. Rac1 Qe7 20. Rc2 a5 21. Ng3 Ba8 22. Nf5 Qf6 23. Bxf7+ Qxf7 24. Rxc5 Rbc8 25. Rxc8 Rxc8 26. Qxd4 Bb7 1-0


[Site "https://www.chess.com"]

[Event "Titled Tuesday Blitz April 4 Early 2023"]
[White "Liu, Casper"]
[Black "Lewicki, Miroslaw"]
[WhiteFideId "1454153"]
[BlackFideId "1113380"]
[WhiteElo "2221"]
[BlackElo "2212"]
[Result "1/2-1/2"]
[Round "03"]
[TimeControl "180+2"]
[Date "2023.04.04"]
[WhiteClock "0:00:14"]
[BlackClock "0:00:05"]

1. e4 c5 2. c3 d6 3. d4 Nf6 4. dxc5 dxc5 5. Qxd8+ Kxd8 6. Bd3 Nc6 7. Nf3 Bg4 8. Nbd2 Kc7 9. h3 Bh5 10. Bc2 Rd8 11. Nc4 b5 12. Bf4+ Kb7 13. Nce5 Nxe5 14. Nxe5 Nd7 15. Nf3 Bxf3 16. gxf3 e5 17. Be3 Nb6 18. b3 Kc6 19. f4 Bd6 20. fxe5 Bxe5 21. O-O Bxc3 22. Rad1 Rhe8 23. Rd3 Bf6 24. f3 Rxd3 25. Bxd3 Rd8 26. Bc2 Bd4 27. Bxd4 Rxd4 28. Rf2 c4 29. Re2 Kc5 30. Kf2 c3 31. Ke3 b4 32. f4 Nc8 33. e5 Ne7 34. f5 Nd5+ 35. Kf3 h6 36. Re4 Rd2 37. Rc4+ Kb6 38. Be4 a5 39. h4 Kb5 40. e6 fxe6 41. fxe6 Nf6 42. e7 Rd6 43. Bf5 Rd5 44. Kf4 a4 45. Bg6 axb3 46. axb3 Kb6 47. e8=Q Nxe8 48. Bxe8 Rc5 49. Rxb4+ Kc7 50. Bg6 c2 51. Bxc2 Rxc2 52. Rc4+ Rxc4+ 53. bxc4 g5+ 54. hxg5 hxg5+ 55. Kxg5 Kc6 56. Kf4 Kc5 57. Ke3 Kxc4 1/2-1/2


[Site "https://www.chess.com"]

[Event "Titled Tuesday Blitz April 4 Early 2023"]
[White "Postnikov, Daniil"]
[Black "Deuer, Marius"]
[WhiteFideId "4166329"]
[BlackFideId "16236432"]
[WhiteElo "2261"]
[BlackElo "2163"]
[Result "1-0"]
[Round "03"]
[TimeControl "180+2"]
[Date "2023.04.04"]
[WhiteClock "0:00:12"]
[BlackClock "0:00:03"]

1. e4 g6 2. h4 Bg7 3. h5 d6 4. d4 Nd7 5. Nf3 e5 6. Bg5 f6 7. h6 Bf8 8. Be3 b6 9. Bc4 Bb7 10. Nc3 c6 11. a4 Qe7 12. a5 b5 13. Bb3 g5 14. a6 Bc8 15. d5 c5 16. Nxb5 Qd8 17. Nd2 Nxh6 18. Nc4 Nf7 19. Qh5 Nb6 20. O-O Nxc4 21. Bxc4 Bd7 22. c3 Qc8 23. Rfc1 Bg4 24. Qh2 h5 25. b4 Be7 26. bxc5 dxc5 27. Rab1 h4 28. f3 Bd7 29. Rd1 h3 30. d6 Bd8 31. g4 Bb6 32. Qa2 Nd8 33. Kh2 Ne6 34. Bd5 Rb8 35. Nc7+ Bxc7 36. dxc7 Rxb1 37. Rxb1 Nxc7 38. Rb7 Nxd5 39. Qxd5 Be6 40. Qd6 Qd8 41. Qxe6+ 1-0


[Site "https://www.chess.com"]

[Event "Titled Tuesday Blitz April 4 Early 2023"]
[White "a-z30"]
[Black "Fiorito, Francisco"]
[BlackFideId "180165"]
[WhiteElo "2418"]
[BlackElo "2341"]
[Result "1-0"]
[Round "03"]
[TimeControl "180+2"]
[Date "2023.04.04"]
[WhiteClock "0:00:07"]
[BlackClock "0:00:01"]

1. d3 c5 2. Nf3 Nc6 3. g3 g6 4. Bg2 Bg7 5. O-O d6 6. c4 e6 7. Nc3 Nge7 8. Qd2 O-O 9. b3 b6 10. Bb2 Bb7 11. e3 d5 12. cxd5 exd5 13. d4 cxd4 14. Nxd4 Nxd4 15. exd4 Nf5 16. Rfd1 Re8 17. Qf4 h5 18. Bh3 Nd6 19. Bg2 Ne4 20. Nxe4 dxe4 21. Rac1 Rc8 22. Rxc8 Qxc8 23. Rc1 Qe6 24. Rc7 Re7 25. Bh3 f5 26. Bf1 Bd5 27. Bc4 Bxc4 28. bxc4 e3 29. Rxe7 exf2+ 30. Kxf2 Qxe7 31. Qf3 Qb4 32. Qc3 Qa4 33. a3 Kh7 34. Kg2 Qc6+ 35. d5 Qd7 36. Qxg7+ Qxg7 37. Bxg7 Kxg7 38. h4 Kf6 39. Kf3 Ke5 40. Ke3 a6 41. a4 a5 42. Kf3 Kf6 43. Kf4 Kf7 44. Ke5 Ke7 45. d6+ Kd7 46. Kf6 Kxd6 47. Kxg6 Kc5 48. Kxf5 Kxc4 49. g4 hxg4 50. Kxg4 b5 51. h5 1-0


[Site "https://www.chess.com"]

[Event "Titled Tuesday Blitz April 4 Early 2023"]
[White "Mazibuko, Khanya"]
[Black "Bilan, Danila"]
[WhiteFideId "14321041"]
[BlackFideId "24161918"]
[WhiteElo "1873"]
[BlackElo "2182"]
[Result "1/2-1/2"]
[Round "03"]
[TimeControl "180+2"]
[Date "2023.04.04"]
[WhiteClock "0:00:13"]
[BlackClock "0:00:05"]

1. e4 c6 2. Nc3 d5 3. Nf3 Bg4 4. h3 Bxf3 5. Qxf3 e6 6. Be2 Nd7 7. d4 dxe4 8. Nxe4 Ngf6 9. c3 Be7 10. Ng3 Qc7 11. O-O O-O 12. Re1 c5 13. Be3 Rac8 14. Rad1 Nd5 15. Bc1 c4 16. Nh5 N7f6 17. Nf4 Rfd8 18. Bf1 b5 19. g3 Bd6 20. Nxd5 Nxd5 21. h4 b4 22. h5 bxc3 23. bxc3 Qa5 24. Bd2 Qxa2 25. h6 g6 26. Bg5 Re8 27. Ra1 Qc2 28. Rxa7 Qf5 29. Qxf5 gxf5 30. Bd2 f4 31. g4 Bf8 32. g5 Be7 33. Re5 Bd6 34. Re1 Re7 35. Ra4 Rd7 36. Rxc4 Rxc4 37. Bxc4 Be7 38. Bxd5 Rxd5 39. Bxf4 Bxg5 40. Re4 Bxf4 41. Rxf4 Rh5 42. Rf6 Kf8 43. Kg2 Ke7 44. Rf3 Rxh6 45. c4 Rh4 46. Rd3 Rg4+ 47. Kf3 h5 48. Ke3 h4 49. Rd1 f5 50. c5 Kd7 51. Ra1 Kc6 52. Ra6+ Kd7 53. Ra7+ Kc6 54. Re7 Re4+ 55. Kd3 Kd5 56. Rd7+ Kc6 57. Rd6+ Kc7 58. Ra6 h3 59. Ra7+ Kc6 60. Rh7 Rf4 61. Ke3 Re4+ 62. Kd3 Rf4 63. Ke3 Re4+ 64. Kd3 1/2-1/2


[Site "https://www.chess.com"]

[Event "Titled Tuesday Blitz April 4 Early 2023"]
[White "Martic, Ivan"]
[Black "Rizzo, Tobias"]
[WhiteFideId "929301"]
[BlackFideId "30942691"]
[WhiteElo "2360"]
[BlackElo "2417"]
[Result "1-0"]
[Round "03"]
[TimeControl "180+2"]
[Date "2023.04.04"]
[WhiteClock "0:00:17"]
[BlackClock "0:00:04"]

1. d4 Nf6 2. Bg5 Ne4 3. Bf4 c5 4. f3 Nf6 5. d5 d6 6. e4 e5 7. Be3 a6 8. a4 Be7 9. Nc3 b6 10. Qd2 Nbd7 11. Nh3 Nf8 12. Nf2 Ng6 13. g3 Rb8 14. h4 h5 15. Bh3 b5 16. axb5 axb5 17. Bxc8 Qxc8 18. b4 O-O 19. O-O Nd7 20. Rfb1 Nb6 21. bxc5 Nc4 22. Qe2 Nxe3 23. Qxe3 b4 24. Na4 dxc5 25. Kg2 Bd6 26. c4 Qc7 27. Nd3 Rfc8 28. Nab2 Ra8 29. Qg5 Ra3 30. Rd1 Rca8 31. Rab1 Rc3 32. Qxh5 Ra2 33. Kh3 Rc2 34. Qg4 Qb7 35. h5 Nf8 36. h6 g6 37. Qg5 Qd7+ 38. Qg4 Qe7 39. Rh1 Nh7 40. Qc8+ Qf8 41. Qxf8+ Kxf8 42. f4 f6 43. fxe5 Ng5+ 44. Kg4 Bxe5 45. Nxe5 fxe5 46. Kxg5 Rcxb2 47. Rxb2 Rxb2 48. h7 Rg2 49. h8=Q+ Ke7 50. Rh7+ Kd6 51. Qf6# 1-0


[Site "https://www.chess.com"]

[Event "Titled Tuesday Blitz April 4 Early 2023"]
[White "Adla, Diego"]
[Black "Rios Escobar, Adan"]
[WhiteFideId "100072"]
[BlackFideId "3403645"]
[WhiteElo "2377"]
[BlackElo "2415"]
[Result "1-0"]
[Round "03"]
[TimeControl "180+2"]
[Date "2023.04.04"]
[WhiteClock "0:00:32"]
[BlackClock "0:00:21"]

1. e4 c5 2. Nf3 d6 3. d4 cxd4 4. Nxd4 Nf6 5. Nc3 a6 6. Bc4 e6 7. a4 Be7 8. O-O O-O 9. Be3 Nxe4 10. Nxe4 d5 11. Bd3 dxe4 12. Bxe4 Nd7 13. a5 Nf6 14. Bf3 e5 15. Nb3 e4 16. Be2 Nd5 17. Bc4 Nxe3 18. Qxd8 Bxd8 19. fxe3 Bg5 20. Rae1 g6 21. Nc5 Bf5 22. g4 Bxg4 23. Nxe4 Bh4 24. Nf6+ Bxf6 25. Rxf6 Kg7 26. Ref1 Bf5 27. Rb6 Rac8 28. b3 Rc7 29. Rf2 Re8 30. Re2 Rce7 31. Kf2 Be4 32. Bd3 Bc6 33. Bxa6 f5 34. Bd3 f4 35. exf4 Rxe2+ 36. Bxe2 Rf8 37. Kg3 Re8 38. Bd1 Re1 39. a6 Rxd1 40. axb7 Bxb7 41. Rxb7+ Kh6 42. Rc7 Rg1+ 43. Kf2 Rh1 44. b4 Rxh2+ 45. Ke3 Rh1 46. b5 Rb1 47. c4 Rb4 48. Kd4 Kh5 49. Rxh7+ Kg4 50. Kc5 Rb1 51. Rf7 Kh5 52. b6 g5 53. fxg5 Kg6 54. Rc7 Kxg5 55. Kc6 Kf6 56. c5 Ke6 57. Rh7 Rb2 58. Rh1 Ke7 59. Rd1 Ke8 60. Kc7 Rb5 61. c6 Rb2 62. b7 Ke7 63. Re1+ Re2 64. Rxe2+ Kf7 65. Kb6 Kf6 66. c7 Kf5 67. Rc2 Kf4 68. c8=R Kf3 69. b8=R Ke3 70. R8c3+ Kd4 71. Rbc8 Kd5 72. R8c4 Kd6 73. Kb5 Kd7 74. Kb4 Kd8 75. Kb3 Ke8 76. Kb2 Kf8 77. Kc1 Kg8 78. Kd1 Kh8 79. Ke1 Kh7 80. Rh4+ Kg6 81. Rh1 Kg5 82. Ra3 Kf5 83. Ra1 Ke5 84. Re2+ Kd5 85. Rh4 Kc5 86. Ra5+ Kb6 87. Rg5 Kc6 88. Rf2 Kd6 89. Rf6+ Ke7 90. Ra6 Ke8 91. Rh7 Kf8 92. Rb7 Ke8 93. Rg8# 1-0


[Site "https://www.chess.com"]

[Event "Titled Tuesday Blitz April 4 Early 2023"]
[White "Sielecki, Christof"]
[Black "Gatterer, Florian"]
[WhiteFideId "4620437"]
[BlackFideId "811688"]
[WhiteElo "2443"]
[BlackElo "2221"]
[Result "1-0"]
[Round "03"]
[TimeControl "180+2"]
[Date "2023.04.04"]
[WhiteClock "0:01:42"]
[BlackClock "0:00:11"]

1. e4 c5 2. Nf3 e6 3. c3 d5 4. exd5 Qxd5 5. d4 Nf6 6. Na3 cxd4 7. Nb5 Qd8 8. Qxd4 Qxd4 9. Nfxd4 Na6 10. Bf4 Nd5 11. Bg3 Bd7 12. Bc4 Nb6 13. Be2 Bc6 14. Nxc6 bxc6 15. Nd6+ Bxd6 16. Bxd6 Nb8 17. Bf3 Kd7 18. O-O-O Kc8 19. b3 Rd8 20. c4 a5 21. Bxb8 Rxb8 22. Bxc6 Kc7 23. Bf3 Rxd1+ 24. Rxd1 a4 25. Kc2 f6 26. Kc3 axb3 27. axb3 Nd7 28. b4 Ne5 29. b5 Nxf3 30. gxf3 Ra8 31. Kb4 Ra2 32. Kc5 Rxf2 33. b6+ Kc8 34. Kc6 Rxf3 35. b7+ 1-0


[Site "https://www.chess.com"]

[Event "Titled Tuesday Blitz April 4 Early 2023"]
[White "Souleidis, Georgios"]
[Black "Silva Lucena, Cristian"]
[WhiteFideId "4206827"]
[BlackFideId "2232588"]
[WhiteElo "2401"]
[BlackElo "2223"]
[Result "1-0"]
[Round "03"]
[TimeControl "180+2"]
[Date "2023.04.04"]
[WhiteClock "0:00:04"]
[BlackClock "0:00:01"]

1. e4 c5 2. Be2 Nc6 3. d3 e5 4. f4 d6 5. Nf3 g6 6. fxe5 dxe5 7. O-O h6 8. Be3 b6 9. c4 Bg7 10. Nc3 Nge7 11. Nd5 Nd4 12. Rb1 Nxd5 13. cxd5 O-O 14. Qd2 Kh7 15. b4 Nxe2+ 16. Qxe2 cxb4 17. Rxb4 Qd6 18. Rc4 Ba6 19. Rc6 Qa3 20. Rd1 Rac8 21. Qc2 Rfd8 22. Bc1 Rxc6 23. dxc6 Qc5+ 24. Qxc5 bxc5 25. Be3 Rc8 26. Bxc5 Rxc6 27. Bxa7 Rc2 28. a3 Ra2 29. Bc5 f5 30. h3 Bb7 31. Re1 f4 32. Bd6 g5 33. Rb1 Ba6 34. Rb3 Ra1+ 35. Kh2 Rd1 36. Bxe5 Bf8 37. d4 Bc4 38. Rc3 Bd3 39. Rc7+ 1-0


[Site "https://www.chess.com"]

[Event "Titled Tuesday Blitz April 4 Early 2023"]
[White "Gabdrakhmanov, Azat"]
[Black "Toktomushev, Teimur"]
[WhiteFideId "34189197"]
[BlackFideId "14176726"]
[WhiteElo "2306"]
[BlackElo "2116"]
[Result "1-0"]
[Round "03"]
[TimeControl "180+2"]
[Date "2023.04.04"]
[WhiteClock "0:01:40"]
[BlackClock "0:00:01"]

1. e4 c5 2. Nf3 e6 3. d4 cxd4 4. Nxd4 a6 5. Nc3 b5 6. g3 Bb7 7. Bg2 Nc6 8. Nxc6 Bxc6 9. O-O Qc7 10. Nd5 exd5 11. exd5 Bb7 12. d6 Qb8 13. Re1+ Kd8 14. Bg5+ Nf6 15. Qd4 Bxg2 16. Bxf6+ Kc8 17. Re8+ Kb7 18. Rxb8+ Rxb8 19. Kxg2 gxf6 20. Qd5+ Ka7 21. Qxf7 1-0


[Site "https://www.chess.com"]